 Dungeon Crawl Stone Soup version 0.29-a0-813-g4a14ea37d6 (webtiles) character file.

Game seed: 12152022190267901234

48 polve the Chopper (level 3, -3/27 HPs)
             Began as a Demonspawn Gladiator on July 4, 2022.
             Slain by a gnoll
             ... wielding a +0 halberd
              (5 damage)
             ... on level 2 of the Dungeon.
             The game lasted 00:01:04 (2087 turns).

polve the Chopper (Demonspawn Gladiator)            Turns: 2087, Time: 00:01:04

Health: -3/27      AC:  9    Str: 16    XL:     3   Next: 50%
Magic:  3/3        EV:  9    Int:  9    God:
Gold:   138        SH:  0    Dex: 14    Spells: 2/2 levels left

rFire   + + .      SeeInvis .   a - +0 war axe
rCold   x . .      Faith    .   (no shield)
rNeg    . . .      Spirit   .   f - +0 fire dragon scales
rPois   .          Reflect  .   c - +0 helmet
rElec   .          Harm     .   (no cloak)
rCorr   .          Rampage  .   (no gloves)
Will    .....                   (no boots)
Stlth   ..........              (no amulet)
HPRegen 0.09/turn               (no ring)
MPRegen 0.16/turn               (no ring)

@: hasted, very quick
A: magic regeneration, demonic touch 1
a: no special abilities


You were on level 2 of the Dungeon.
You visited 1 branch of the dungeon, and saw 2 of its levels.

You collected 138 gold pieces.

Inventory:

Hand Weapons
 a - a +0 war axe (weapon)
Missiles
 d - 3 throwing nets (quivered)
 e - a javelin
Armour
 c - a +0 helmet (worn)
 f - +0 fire dragon scales (worn)
Jewellery
 r - a ring of flight
Scrolls
 b - 2 scrolls of identify {unknown}
 j - a scroll of fog {unknown}
 l - 2 scrolls of torment {unknown}
 m - a scroll of teleportation {unknown}
 n - a scroll of amnesia {unknown}
 q - 2 scrolls of noise {unknown}
 t - a scroll of immolation {unknown}
 u - a scroll of enchant armour {unknown}
Potions
 g - a potion of lignification {unknown}
 h - a potion of invisibility {unknown}
 i - a potion of brilliance {unknown}
 k - a potion of haste
 o - a potion of attraction {unknown}
 p - 2 potions of flight {unknown}
 s - 2 potions of mutation {unknown}
 v - a potion of berserk rage {unknown}


   Skills:
 - Level 2.0 Fighting
 + Level 4.1 Axes
 - Level 1.7 Throwing
 - Level 2.6 Dodging


You had 2 spell levels left.
You didn't know any spells.
Your spell library was empty.

Dungeon Overview and Level Annotations

Branches:
Dungeon (2/15)

Altars:


Innate Abilities, Weirdness & Mutations

You regenerate magic rapidly.
Your touch may inflict minor irresistible damage on your foes.


Message History

You barely miss the gnoll. Your touch misses the gnoll.
The gnoll hits you but does no damage.
You closely miss the gnoll. The gnoll completely misses you.
You hit the gnoll.
The gnoll is moderately wounded.
The gnoll completely misses you. The gnoll hits you but does no damage.
You slash the gnoll!
You kill the gnoll!
Your Axes skill increases to level 4!
You barely miss the gnoll. Your touch misses the gnoll.
The gnoll hits you with a +0 flail.
You are too injured to fight recklessly!
You are too injured to fight recklessly!
You are too injured to fight recklessly!
You are too injured to fight recklessly!
You are too injured to fight recklessly!
You are too injured to fight recklessly!
You are too injured to fight recklessly!
You are too injured to fight recklessly!
You barely miss the gnoll. The gnoll hits you with a +0 flail.
The gnoll hits you but does no damage. The gnoll barely misses you.
The gnoll hits you with a +0 flail.
You barely miss the gnoll. You punch the gnoll.
The gnoll is lightly wounded.
The gnoll hits you with a +0 flail. The gnoll hits you but does no damage.
You slash the gnoll!
You kill the gnoll!
The gnoll closely misses you.
The gnoll hits you from afar with a +0 halberd.
* * * LOW HITPOINT WARNING * * *
The gnoll hits you with a +0 halberd.
* * * LOW HITPOINT WARNING * * *
Things that are here:
a +0 flail; a +0 whip It was a potion of haste.
You feel yourself speed up. The gnoll barely misses you.
The gnoll hits you from afar with a +0 halberd.
* * * LOW HITPOINT WARNING * * *
The gnoll hits you from afar with a +0 halberd.
You die...

..# #.# #.# #.# #.#
#g# .# #g# .# # #)#
#.# ## #@# #.# .##
#.###.#
..#############.#.##.#
...............###...#
..#####.#.#..##.#.#..#
.................##..#
#######......######..#
# ##.#...######..#
#.#...........#


You could see 2 gnolls.

Vanquished Creatures
  2 gnolls (D:2)
  2 dart slugs
  3 ball pythons
  2 bats
  3 endoplasms
  2 goblins
  A hobgoblin (D:2)
  2 jackals (D:1)
  A quokka (D:1)
  A frilled lizard (D:1)
  3 kobolds
  4 rats
  A bush (D:1)
27 creatures vanquished.

Vanquished Creatures (others)
  2 plants (D:1)
2 creatures vanquished.

Grand Total: 29 creatures vanquished

Notes
Turn   | Place    | Note
-------+----------+-------------------------------------------
     0 | D:1      | polve the Demonspawn Gladiator began the quest for the Orb.
     0 | D:1      | Reached XP level 1. HP: 16/16 MP: 1/1
   178 | D:1      | Reached skill level 3 in Axes
   294 | D:1      | Gained mutation: Your touch may inflict minor irresistible
                  | damage on your foes. [demonic ancestry]
   294 | D:1      | Reached XP level 2. HP: 15/22 MP: 2/2
  1426 | D:2      | Found a faded altar of an unknown god.
  1851 | D:2      | Gained mutation: You regenerate magic rapidly. [demonic
                  | ancestry]
  1851 | D:2      | Reached XP level 3. HP: 18/27 MP: 3/3
  2081 | D:2      | Reached skill level 4 in Axes
  2087 | D:2      | Slain by a gnoll

Illustrated notes

Levels and vault maps discovered:
D:1:      dpeg_arrival_line_fractal, layout_basic, serial_forest,
          infiniplex_forest_lined_3, infiniplex_forest_clump_small,
          infiniplex_forest_straight_2, infiniplex_forest_clump_C,
          infiniplex_forest_end_1, infiniplex_forest_pool,
          infiniplex_forest_end_3, infiniplex_forest_pool,
          infiniplex_forest_lined_2, serial_bayou_ford_a
D:2:      layout_loops_ring, hellmonk_ecumenical_altar_arch_garden

Skill      XL: |  1  2  3 |
---------------+----------+-----
Axes           | 3 4 |  4.1
Fighting       | |  2.0
Throwing       | |  1.7
Dodging        | |  2.6

Action                   || total
-------------------------++-------
Melee: War axe           ||    78
       Touch             ||    12
       Punch             ||     3
  Use: Potion            ||     1
Armor: Fire dragon scale ||    38
Dodge: Dodged            ||    29

Table legend: (Time is in decaauts)
 A = Elapsed time spent in this place.
 B = Non-inter-level travel time spent in this place.
 C = Inter-level travel time spent in this place.
 D = Time resting spent in this place.
 E = Time spent auto-exploring this place.
 F = Levels seen in this place.
 G = Mean time per level.
                   A        B        C        D        E       F      G
               +--------+--------+--------+--------+--------+-----+--------+
         Total |   2113 |   2080 |     33 |      0 |   1868 |   2 | 1056.5 |
       Dungeon |   2113 |   2080 |     33 |      0 |   1868 |   2 | 1056.5 |
               +--------+--------+--------+--------+--------+-----+--------+

Top non-repeatable levels by time:
     D:1: 1376 daAuts
     D:2: 737 daAuts
